Map: Cerulean Fall LE

Players

Woogie

  • Race: Zerg Zerg
  • League: Diamond
  • Spawn Location: 7:00

Alexander - Winner!

  • Race: Zerg Zerg
  • League: Diamond
  • Spawn Location: 1:00

VOD

Have the link to the VOD?

Description

Felt like I was behind when my 1-1Roach attack is pushed away by his mass Queens and Mutas. Also missed starting my burrow upgrade when I started TC, so I lost value with my early roaches. Transitioned to Hydras and didn't have enough drones mining to keep up with his transition to BLs.

Time

  • Played on: Sept. 17, 2018, 4:33 p.m.
  • Length: 18:42
Show
View Real Time Build Order
Export as new Build Order

Woogie Zerg 

Build Orders: Hatch First 

Get SALT Encoding   

  12  0:01  Drone  
  13  0:14  Overlord  
  13  0:19  Drone  
  14  0:32  Drone  
  14  0:33  Drone  
  16  0:36  Drone  
  17  0:56  Hatchery, Drone  
  17  1:11  Spawning Pool  
  17  1:12  Drone  
  17  1:17  Extractor, Drone  
  17  1:20  Drone  
  18  1:30  Drone  
  19  1:40  Overlord  
  19  1:58  Queen  
  19  1:59  Drone  
  22  2:10  Queen  
  22  2:11  Drone x2  
  26  2:18  Metabolic Boost  
  26  2:27  Drone x2  
  26  2:28  Drone  
  29  2:32  Drone  
  30  2:43  Overlord, Baneling Nest  
  29  2:44  Drone  
  29  2:51  Queen x2  
  34  3:01  Drone x3  
  37  3:12  Drone x4  
  41  3:24  Overlord  
  41  3:25  Drone x2  
  41  3:26  Drone  
  44  3:33  Roach Warren  
  43  3:40  Evolution Chamber  
  42  3:42  Evolution Chamber  
  42  3:43  Overlord  
  42  3:45  Drone x2  
  43  3:50  Extractor  
  43  3:51  Extractor  
  41  4:03  Drone x5  
  41  4:04  Drone  
  41  4:07  Zerg Missile Weapons Level 1  
  47  4:28  Hatchery  
  47  4:33  Hatchery  
  47  4:36  Overlord x2  
  46  4:44  Zerg Ground Armor Level 1  
  46  4:45  Lair  
  46  4:48  Drone x4  
  50  4:56  Roach x3  
  50  4:57  Roach  
  58  5:00  Overlord x2  
  58  5:22  Roach x7  
  72  5:30  Overlord  
  72  5:44  Glial Reconstitution  
  72  5:45  Overlord  
  72  5:46  Overlord  
  72  5:47  Roach x3  
  78  6:06  Drone x4  
  78  6:07  Drone x4  
  86  6:24  Roach x5  
  96  6:35  Spore Crawler  
  96  6:38  Hydralisk Den  
  96  6:39  Spore Crawler  
  91  6:41  Spore Crawler  
  91  6:45  Queen x2  
  94  6:48  Spore Crawler x2  
  92  6:58  Overlord x2  
  92  6:59  Overlord x2  
  92  7:00  Spore Crawler  
  91  7:01  Pneumatized Carapace  
  89  7:08  Overlord  
  89  7:09  Overlord x4  
  89  7:12  Zerg Missile Weapons Level 2  
  89  7:14  Zerg Ground Armor Level 2  
  89  7:20  Extractor, Drone x3  
  89  7:22  Tunneling Claws  
  91  7:39  Extractor, Drone x2  
  91  7:40  Drone x4  
  91  7:41  Extractor  
  91  7:43  Spore Crawler  
  94  8:05  Hydralisk  
  94  8:06  Hydralisk x6  
  108  8:21  Hydralisk x2  
  108  8:25  Drone x3  
  108  8:26  Drone x5  
  120  8:38  Burrow  
  116  8:58  Hydralisk x4  
  116  8:59  Hydralisk x3  
  130  9:12  Hatchery  
  130  9:14  Grooved Spines  
  129  9:39  Drone  
  129  9:40  Overlord x4  
  129  9:41  Overlord x2  
  129  9:43  Roach x10  
  129  9:45  Extractor  
  129  9:46  Spore Crawler  
  129  9:48  Extractor  
  129  9:49  Spore Crawler  
  129  9:50  Infestation Pit  
  113  10:20  Roach  
  113  10:21  Hydralisk, Roach x5  
  119  10:22  Hydralisk x10, Roach x2  
  145  10:43  Drone x4  
  145  10:44  Drone x2  
  145  10:46  Overlord x2  
  149  11:20  Hive  
  147  11:31  Hydralisk x13  
  147  11:32  Hydralisk x2  
  175  11:36  Queen  
  175  11:37  Muscular Augments  
  175  11:39  Hydralisk  
  179  11:40  Hydralisk x4  
  179  11:45  Overseer x2  
  189  11:57  Queen  
  189  12:00  Roach x2  
  189  12:01  Roach x2  
  169  12:34  Roach x4  
  169  12:36  Roach x7  
  169  12:37  Roach x6  
  165  13:12  Overlord x3  
  163  13:13  Overlord x3  
  163  13:18  Spire  
  163  13:19  Zerg Missile Weapons Level 3, Zerg Ground Armor Level 3  
  128  13:49  Hydralisk  
  128  13:50  Hydralisk x14  
  128  13:51  Roach x3  
  154  14:11  Roach x2  
  154  14:12  Hatchery  
  153  14:22  Roach x7  
  153  14:23  Roach x2  
  155  15:07  Roach  
  155  15:08  Roach x10  
  159  15:23  Corruptor x10  
  159  15:24  Corruptor  
  159  15:27  Greater Spire  
  159  16:29  Hydralisk x9  
  159  16:30  Hydralisk x9  
  141  17:07  Corruptor x4  
  141  17:08  Corruptor x2  
  149  17:09  Drone x3  
  150  17:22  Roach x4  
  154  17:37  Drone x3  
  154  17:38  Drone x4  
  154  17:43  Brood Lord  
  163  17:47  Brood Lord  
  163  17:49  Overseer  
  163  17:50  Overseer  
  165  18:04  Roach  
  165  18:05  Roach x6  
Show
View Real Time Build Order
Export as new Build Order

Alexander Zerg - Winner!

Build Orders: Hatch First 

Get SALT Encoding   

  12  0:02  Drone  
  13  0:07  Drone  
  14  0:17  Overlord  
  14  0:24  Extractor, Drone  
  17  0:35  Drone x2  
  17  0:46  Drone  
  18  0:56  Drone  
  19  1:00  Hatchery  
  18  1:06  Extractor  
  17  1:14  Spawning Pool  
  17  1:17  Drone  
  17  1:20  Drone  
  18  1:28  Drone  
  19  1:39  Overlord  
  19  1:53  Drone  
  20  2:00  Drone  
  21  2:01  Queen  
  23  2:11  Drone  
  23  2:12  Queen  
  23  2:13  Drone  
  27  2:17  Spine Crawler  
  27  2:22  Overlord  
  26  2:25  Drone  
  27  2:33  Drone  
  27  2:34  Drone  
  29  2:38  Queen  
  29  2:43  Overlord  
  31  2:45  Drone  
  31  2:50  Queen  
  34  2:56  Drone x2  
  37  3:05  Drone  
  37  3:07  Drone  
  38  3:15  Hatchery  
  37  3:20  Queen  
  37  3:24  Drone  
  37  3:25  Drone x2  
  42  3:37  Lair  
  42  3:38  Drone  
  42  3:39  Drone x3  
  46  3:43  Drone  
  46  3:48  Drone  
  48  3:49  Drone  
  48  3:50  Drone x3  
  52  3:57  Overlord  
  52  4:04  Extractor  
  52  4:05  Extractor, Queen  
  52  4:09  Evolution Chamber  
  51  4:11  Evolution Chamber  
  51  4:12  Extractor  
  51  4:13  Roach Warren  
  48  4:18  Drone x5  
  53  4:28  Drone  
  53  4:29  Drone  
  53  4:30  Drone  
  56  4:32  Overlord  
  56  4:34  Overlord  
  56  4:42  Spire, Drone  
  56  5:00  Zerg Ground Armor Level 1  
  56  5:02  Drone  
  56  5:03  Drone  
  56  5:06  Queen x2  
  58  5:07  Queen  
  58  5:08  Overlord  
  58  5:10  Overlord  
  58  5:12  Overlord  
  64  5:27  Hatchery  
  63  5:32  Glial Reconstitution, Zerg Missile Weapons Level 1  
  63  5:40  Hatchery  
  62  5:56  Mutalisk  
  62  5:57  Mutalisk x3  
  62  6:00  Mutalisk  
  72  6:09  Mutalisk  
  74  6:18  Mutalisk  
  74  6:20  Overlord  
  74  6:21  Overlord  
  74  6:39  Mutalisk x2  
  76  6:41  Drone  
  76  6:42  Drone x15  
  94  6:47  Mutalisk  
  97  7:01  Drone  
  97  7:03  Hydralisk Den  
  96  7:10  Extractor  
  96  7:11  Extractor, Drone x3  
  96  7:12  Drone  
  96  7:13  Drone x2  
  96  7:14  Drone x2  
  102  7:20  Overlord  
  102  7:21  Overlord  
  102  7:23  Overlord x2  
  102  7:24  Overlord  
  102  7:25  Overlord  
  102  7:30  Zerg Missile Weapons Level 2, Zerg Ground Armor Level 2  
  102  7:39  Overlord, Overseer  
  102  7:40  Overlord x2  
  102  7:43  Drone  
  102  7:44  Drone x5  
  108  7:45  Drone  
  107  8:04  Extractor  
  106  8:07  Drone x3  
  106  8:08  Extractor, Drone x3  
  106  8:09  Drone  
  106  8:10  Drone x5  
  106  8:11  Drone x3  
  120  8:13  Hydralisk  
  120  8:14  Hydralisk x4  
  130  8:21  Grooved Spines  
  130  8:24  Pneumatized Carapace  
  130  8:55  Hydralisk x6  
  126  8:56  Hydralisk x2, Roach x9  
  126  8:57  Roach  
  126  8:59  Overseer  
  126  9:00  Overseer x2  
  162  9:14  Drone  
  162  9:15  Infestation Pit  
  162  9:16  Hydralisk x2  
  166  9:17  Roach x2  
  170  9:31  Extractor  
  170  9:33  Muscular Augments  
  170  9:34  Hatchery  
  170  9:35  Zerg Flyer Weapons Level 1  
  170  9:37  Extractor, Drone  
  168  9:38  Spire  
  168  9:39  Drone x3  
  168  9:40  Drone x3  
  168  9:44  Hydralisk  
  168  9:45  Hydralisk x3, Roach x3  
  185  9:46  Overlord, Roach  
  185  9:47  Overlord  
  189  9:55  Hive  
  189  9:56  Zerg Melee Weapons Level 1  
  189  10:01  Overseer x3  
  189  10:02  Overlord x3  
  189  10:04  Drone  
  176  10:25  Overlord x2  
  176  10:26  Corruptor  
  176  10:27  Corruptor x6  
  190  10:50  Zerg Flyer Armor Level 1  
  190  10:56  Overseer  
  190  10:58  Overseer x3  
  190  11:02  Pathogen Glands  
  190  11:03  Mutalisk x2  
  190  11:04  Mutalisk x2  
  198  11:17  Overseer  
  198  11:18  Overlord  
  198  11:19  Drone  
  199  11:34  Overlord x2  
  199  11:35  Drone  
  198  11:58  Infestor  
  200  12:27  Hydralisk  
  200  12:28  Hydralisk x8  
  200  12:29  Hydralisk  
  187  12:44  Drone  
  187  12:45  Drone x7  
  193  12:54  Greater Spire  
  193  12:55  Zerg Flyer Armor Level 2  
  193  12:57  Hydralisk  
  193  12:58  Overlord x2  
  192  13:25  Hatchery  
  187  13:33  Extractor  
  152  13:36  Hydralisk x8, Roach x3  
  152  13:37  Hydralisk x7, Roach x8  
  152  13:38  Roach x4  
  152  13:39  Overlord x2  
  190  14:05  Brood Lord x5  
  190  14:07  Zerg Flyer Weapons Level 2  
  190  14:08  Adrenal Glands  
  200  14:13  Zerg Missile Weapons Level 3, Zerg Melee Weapons Level 2  
  196  14:39  Brood Lord x2  
  196  14:43  Burrow  
  185  14:45  Hydralisk x4  
  185  14:46  Hydralisk  
  199  14:54  Overlord x2  
  199  14:55  Zergling x2  
  195  15:13  Infestor x3  
  194  15:24  Hatchery  
  194  15:25  Extractor  
  192  15:30  Spore Crawler  
  192  15:33  Hatchery, Spine Crawler x2  
  185  15:36  Spine Crawler  
  185  15:37  Drone x3, Spine Crawler, Spore Crawler  
  185  15:38  Extractor  
  185  15:40  Metabolic Boost  
  185  15:41  Drone x4  
  176  15:44  Drone x3  
  176  15:45  Drone x2  
  181  15:54  Infestor x4  
  189  16:04  Spine Crawler  
  188  16:05  Mutalisk x4, Spine Crawler  
  190  16:29  Corruptor  
  190  16:30  Corruptor x4  
  180  17:03  Corruptor x3  
  180  17:04  Corruptor  
  180  17:05  Overlord x4  
  188  17:21  Drone  
  188  17:22  Overlord x2  
  187  17:40  Drone, Spine Crawler  
  187  17:41  Drone x13  
  187  17:43  Spine Crawler  
  199  17:44  Spine Crawler  
  199  17:45  Spine Crawler  
  199  17:46  Spine Crawler  
  199  17:48  Corruptor x2  
  200  17:54  Spine Crawler  
  200  17:55  Spine Crawler  
  200  17:58  Spine Crawler  
Tags
 
Add a new tag
Caveats
  • Supply blocks, unpowered buildings, or Contaminate may cause inaccurate times.
  • Supply counts are checked every 10 seconds.